 Dungeon Crawl Stone Soup version 0.31-a0-1-g4198be8af4 (webtiles) character file.

Game seed: 3435781575494290213

42 Vulpanium the Chopper (level 3, -2/29 HPs)
             Began as a Human Chaos Knight on Apr 30, 2023.
             Was a Plaything of Xom.
             Slain by an entropy weaver (5 damage)
             ... on level 3 of the Dungeon.
             The game lasted 00:03:10 (1175 turns).

Vulpanium the Chopper (Human Chaos Knight)          Turns: 1175, Time: 00:03:11

Health: -2/29      AC:  8    Str: 14    XL:     3   Next: 77%
Magic:  3/3        EV:  7    Int: 12    God:    Xom [......]
Gold:   102        SH:  0    Dex: 12    Spells: 2/2 levels left

rFire   . . .        a - +0 hand axe (chaos)
rCold   . . .        (no shield)
rNeg    . . .        g - +0 chain mail
rPois   .            (no helmet)
rElec   .            (no cloak)
rCorr   .            (no gloves)
SInv    .            (no boots)
Will    .....        (no amulet) Stlth
                     (no ring)
HPRegen 0.24/turn    (no ring)
MPRegen 0.08/turn

%: no passive effects
@: no status effects
A: no striking features
a: Renounce Religion


You were on level 3 of the Dungeon.
You worshipped Xom.
You were a very special plaything of Xom.
You visited 1 branch of the dungeon, and saw 3 of its levels.

You collected 102 gold pieces.

Inventory:

Hand Weapons
 a - a +0 hand axe of chaos (weapon)
Armour
 b - a +2 leather armour
 g - a +0 chain mail (worn)
Scrolls
 e - 4 scrolls of identify {unknown}
 f - a scroll of magic mapping {unknown}
 k - a scroll of enchant armour {unknown}
 l - a scroll of vulnerability {unknown}
Potions
 d - 2 potions of heal wounds {unknown}
 h - a potion of ambrosia {unknown}
 i - a potion of flight {unknown}
 j - a potion of might {unknown}
Miscellaneous
 c - a piece from Xom's chessboard (15/15) (quivered)


   Skills:
 + Level 3.5 Fighting
 + Level 3.6 Axes
 + Level 2.3 Armour
 + Level 1.2 Dodging


You had 2 spell levels left.
You didn't know any spells.
Your spell library contained the following spells:

 Spells                   Type           Power      Damage    Failure   Level
 Vhi's Electric Charge    Tloc/Air       0%         N/A       100%        3
 Arcjolt                  Conj/Air       0%         1d10      100%        5
 Plasma Beam              Fire/Air       0%         2x1d11    100%        6


Dungeon Overview and Level Annotations

Branches:
Dungeon (2/15)

Altars:


Message History

There is a stone staircase leading down here.
You hear the slow rusting of a very distant drain.
k - a scroll labelled DIYPUQ ZYDUILU
Found a short sword.
You see here a +0 short sword.
You now have 64 gold pieces (gained 6).
You hear the slow rusting of a very distant drain.
There is a large open door here.
l - a scroll labelled ESOSUSEICS You open the large door.
There is a large open door here.
You now have 77 gold pieces (gained 13).
Found a stone staircase leading down.
You now have 91 gold pieces (gained 14).
You hear the slow rusting of a drain.
You now have 102 gold pieces (gained 11).
You pick up a book of Lightning and begin reading...
You add the spells Vhi's Electric Charge, Arcjolt and Plasma Beam to your library.
Found 2 stones.
You hear the slow rusting of a distant drain.
You see here 2 stones.
A black bear comes into view.
The black bear growls angrily.
You are now a very special plaything of Xom.
You see here 2 stones. "This might be better!"
The black bear evaporates and reforms as an entropy weaver!
The entropy weaver attacks as you move away!
The entropy weaver hits you but does no damage.
The entropy weaver hits you! x2
* * * LOW HITPOINT WARNING * * *
The entropy weaver hits you but does no damage.
Found a stone staircase leading down.
The entropy weaver attacks as you move away!
The entropy weaver hits you but does no damage.
The entropy weaver barely misses you. The entropy weaver hits you.
* * * LOW HITPOINT WARNING * * *
The entropy weaver hits you.
You die...
Xom chuckles heartily!

............
##..
............ ...
............ #..
#.......... #..
#.....###. ..#
#.....### #.#
#.......
#.#####.#
#......
#..>...@#
#########.....
#######B#
#.........####
##.###........##
#............##
..
#..###......##
... #..#
#.....## ..#
#... #....## ###
#.#. #...... .
#. . ..######


You could see an entropy weaver.

Vanquished Creatures
  2 dart slugs (D:1)
  An orc (D:3)
  3 bats (D:1)
  5 endoplasms (D:1)
  2 giant cockroaches (D:1)
  3 goblins (D:1)
  2 hobgoblins (D:1)
  4 jackals (D:1)
  A kobold (D:1)
  A ball python (D:3)
  4 frilled lizards
  5 rats (D:1)
33 creatures vanquished.

Notes
Turn   | Place    | Note
-------+----------+-------------------------------------------
     0 | D:1      | Vulpanium the Human Chaos Knight began the quest for the
                  | Orb.
     0 | D:1      | Reached XP level 1. HP: 18/18 MP: 1/1
    89 | D:1      | Reached XP level 2. HP: 24/24 MP: 2/2
   144 | D:1      | Found a faded altar of an unknown god.
   170 | D:1      | XOM: silly message
   245 | D:1      | Reached XP level 3. HP: 16/29 MP: 3/3
   360 | D:1      | XOM: smoke on damage
   882 | D:2      | You fall into a shaft and drop 1 floor!
  1137 | D:3      | Noticed a black bear
  1167 | D:3      | a black bear changed into an entropy weaver
  1167 | D:3      | Noticed an entropy weaver
  1167 | D:3      | XOM: polymorph black bear -> entropy weaver
  1175 | D:3      | Slain by an entropy weaver

Illustrated notes

Levels and vault maps discovered:
D:1:      scummos_arrival_checkerplants, layout_loops_ring,
          dreamdust_ecumenical_altar_statues, hex_large
D:2:      layout_basic
D:3:      kennysheep_big_flooded_room, layout_loops_cross, gup_sewer_entry_bowl,
          minmay_parallelograms, roderic_lattice_a, minmay_ruptured

Action                     || total
---------------------------++-------
  Melee: Hand axe          ||    92
         Punch             ||     1
 Armour: Leather armour    ||    31
         Chain mail        ||    11
  Dodge: Dodged            ||    56

Table legend: (Time is in decaauts)
 A = Elapsed time spent in this place.
 B = Non-inter-level travel time spent in this place.
 C = Inter-level travel time spent in this place.
 D = Time resting spent in this place.
 E = Time spent auto-exploring this place.
 F = Levels seen in this place.
 G = Mean time per level.
                   A        B        C        D        E       F      G
               +--------+--------+--------+--------+--------+-----+--------+
         Total |   1186 |   1186 |      0 |    183 |    661 |   3 |  395.3 |
       Dungeon |   1186 |   1186 |      0 |    183 |    661 |   3 |  395.3 |
               +--------+--------+--------+--------+--------+-----+--------+

Top non-repeatable levels by time:
     D:1: 893 daAuts
     D:3: 293 daAuts
